 Dungeon Crawl Stone Soup version 0.28.0-53-g5a82cb258f (webtiles) character file.

Game seed: 12938353512327076894

7669 safid the Severer (level 11, -5/89 HPs)
             Began as a Hill Orc Fighter on Aug 14, 2022.
             Was a Believer of Beogh.
             Killed by divine providence
             ... invoked by an orc priest
             ... led by an orc knight
              (13 damage)
             ... on level 10 of the Dungeon.
             The game lasted 00:13:49 (13186 turns).

safid the Severer (Hill Orc Fighter)               Turns: 13186, Time: 00:13:51

Health: -5/89      AC: 13    Str: 27    XL:     11   Next: 18%
Magic:  0/11       EV:  9    Int: 10    God:    Beogh [**....]
Gold:   464        SH:  4    Dex: 10    Spells: 10/10 levels left

rFire   . . .      SeeInvis .   a - +0 war axe
rCold   + . .      Faith    .   c - +0 buckler
rNeg    + . .      Spirit   +   B - +0 chain mail
rPois   +          Reflect  .   q - +2 helmet
rElec   .          Harm     .   (no cloak)
rCorr   .          Rampage  .   (no gloves)
Will    +....                   (no boots)
Stlth   ..........              s - amulet of guardian spirit
HPRegen 0.24/turn               e - ring of willpower
MPRegen 0.12/turn               k - ring of Opic {rPois rC+ rN+ Str+3 Int+2}

@: no status effects
A: no striking features
a: Renounce Religion, Smiting


You were on level 10 of the Dungeon.
You worshipped Beogh.
Beogh was pleased with you.
You visited 1 branch of the dungeon, and saw 10 of its levels.

You collected 464 gold pieces.

Inventory:

Hand Weapons
 a - a +0 war axe (weapon)
Missiles
 g - 8 poisoned darts (quivered)
Armour
 c - a +0 buckler (worn)
 q - a +2 helmet (worn)
 B - a +0 chain mail (worn)
Jewellery
 e - a ring of willpower (left hand)
 i - an amulet of reflection
 k - the ring of Opic (right hand) {rPois rC+ rN+ Str+3 Int+2}
   (You acquired it on level 5 of the Dungeon)

   [ring of protection from cold]

   Str:       It affects your strength (+3).
   Int:       It affects your intelligence (+2).
   rC:        It protects you from cold.
   rPois:     It protects you from poison.
   rN:        It protects you from negative energy.
 s - an amulet of guardian spirit (around neck)
 F - a ring of see invisible
Wands
 v - a wand of flame (7)
 x - a wand of polymorph (13)
 G - a wand of acid (12)
Scrolls
 o - a scroll of summoning
 p - 2 scrolls of holy word
 r - 2 scrolls of teleportation
 u - 2 scrolls of amnesia
 w - a scroll of silence
 y - a scroll of torment {unknown}
 E - a scroll of identify
 H - a scroll of magic mapping {unknown}
Potions
 d - a potion of might
 f - 2 potions of mutation
 h - a potion of curing
 j - 2 potions of magic {unknown}
 l - a potion of cancellation {unknown}
 m - a potion of brilliance
 n - 2 potions of haste
 t - a potion of attraction {unknown}
 z - 2 potions of resistance
 A - a potion of ambrosia {unknown}
 C - a potion of berserk rage {unknown}
 D - a potion of invisibility {unknown}
Miscellaneous
 b - a condenser vane


   Skills:
 + Level 5.7 Fighting
 - Level 19.1 Axes
 + Level 2.8 Throwing
 + Level 5.5 Armour
 + Level 2.6 Dodging
 - Level 4.0 Shields


You had 10 spell levels left.
You didn't know any spells.
Your spell library contained the following spells:

 Spells                   Type           Power      Damage    Failure   Level
 Apportation              Tloc           0%         N/A       95%         1
 Blink                    Tloc           0%         N/A       99%         2
 Scorch                   Fire           0%         2d5       99%         2
 Lesser Beckoning         Tloc           0%         N/A       100%        3
 Ozocubu's Armour         Ice            0%         N/A       100%        3
 Portal Projectile        Hex/Tloc       0%         N/A       100%        3
 Flame Wave               Conj/Fire      0%         2d4       100%        4
 Alistair's Intoxication  Tmut/Pois      0%         N/A       100%        5
 Blade Hands              Tmut           0%         N/A       100%        5
 Excruciating Wounds      Necr           0%         N/A       100%        5
 Manifold Assault         Tloc           0%         N/A       100%        5
 Metabolic Englaciation   Hex/Ice        0%         N/A       100%        5
 Simulacrum               Ice/Necr       0%         N/A       100%        6
 Summon Cactus Giant      Summ           0%         N/A       100%        6
 Ozocubu's Refrigeration  Ice            0%         4d5       100%        7


Dungeon Overview and Level Annotations

Branches:
Dungeon (10/15)            Temple (0/1) D:7
   Lair: D:8-11         Orc: D:9-12

Altars:
Ashenzari
Gozag
Hepliaklqana
Makhleb
Okawaru
Sif Muna
Vehumet

Annotations:
D:2 1 runed translucent door, Crazy Yiuf


Message History

The orc knight roars a battlecry!
The orcs go into a battle-frenzy!
The orc sorcerer hits you with a +0 dagger.
Unknown command.
You slash the orc sorcerer!
The orc sorcerer is moderately wounded.
You barely miss the orc priest.
The orc priest hits you with a +0 hand axe.
The orc sorcerer gestures at you while chanting.
The bolt of fire hits you!
Unknown command.
You slash the orc sorcerer!
The orc sorcerer is severely wounded.
You barely miss the orc priest.
Unknown command.
You closely miss the orc sorcerer.
The orc sorcerer is severely wounded.
You hit the orc knight but do no damage.
You closely miss the orc priest.
The orc sorcerer points at you and mumbles some strange words.
The bolt of fire hits you!!
* * * LOW HITPOINT WARNING * * *
The orc priest hits you but does no damage.
The orc knight throws a stone.
You block the stone.
The orc sorcerer drinks a potion.
The orc sorcerer is healed!
The orc priest hits you with a +0 hand axe!
* * * LOW HITPOINT WARNING * * *
As you read the scroll of summoning, it crumbles to dust.
Wisps of shadow whirl around you...
The orc priest hits you but does no damage.
The orc priest barely misses your komodo dragon.
You swap places.
The orc knight throws a stone.
The stone hits your two-headed ogre!
The orc sorcerer hits your two-headed ogre with a +0 dagger.
The warg bites you but does no damage.
Your two-headed ogre barely misses the orc priest. x2
The orc priest calls down the wrath of Beogh upon you.
Beogh smites you!
You die...
Beogh appreciates the orc priest's killing of a heretic priest.

....# #......# ....## #......#
##### .....# ##...### #....
.....## #...#####.... ......#
##########)........... ....#.#
#..................... #####.#
#................<.... # #.#
#...D..o..............
#####.######....@Oo..........####
.................ho....)...).....
######.########....l.....#.......
#..# #.......##.#...#### ##.#
#.......##.#....... ###'###
###'######.#....### #.....#
#.....# #.#....... #.....#
#.....# #.#......#
#.....#####.....####.#......#


You could see an orc knight, a warg (ally target), an orc sorcerer (strong), an
orc priest (strong, ally target), a friendly two-headed ogre (summoned), a
friendly komodo dragon (summoned) and a friendly steam dragon (summoned).

Vanquished Creatures
  A two-headed ogre (D:7)
  4 kobold demonologists (D:10)
  A troll (D:9)
  Grinder (D:4)
  2 hornets
  Prince Ribbit (D:6)
  Eustachio (D:4)
  Sigmund (D:4)
  A vampire (D:10)
  Grum (D:10)
  A steam dragon (D:6)
  A warg (D:10)
  A water moccasin (D:5)
  A necrophage (D:6)
  5 orc warriors
  An ogre (D:6)
  A phantom (D:6)
  4 centaurs
  4 wolves (D:10)
  5 kobold brigands (D:10)
  A gnoll sergeant (D:10)
  A scorpion (D:5)
  2 water moccasin skeletons
  17 killer bees (D:9)
  8 wights
  A howler monkey (D:7)
  4 centaur zombies
  5 orc priests
  2 jellies (D:6)
  A hound (D:5)
  A gnoll shaman (D:6)
  Terence (D:2)
  Natasha (thrice) (D:4)
  2 iguanas
  8 orc wizards
  A killer bee zombie (D:8)
  A hound skeleton (D:5)
  2 howler monkey zombies
  7 adders
  6 gnolls
  A howler monkey skeleton (D:6)
  A white imp (D:8)
  An ufetubus (D:6)
  2 adder skeletons
  A dart slug (D:1)
  28 orcs
  8 endoplasms
  4 giant cockroaches
  10 goblins
  4 hobgoblins
  5 jackals
  11 kobolds
  8 quokkas
  11 ball pythons
  7 bats
  4 frilled lizards
  5 rats
223 creatures vanquished.

Vanquished Creatures (others)
  2 orcs (D:6)
  A kobold (D:10)
  9 plants (D:1)
12 creatures vanquished.

Grand Total: 235 creatures vanquished

Notes
Turn   | Place    | Note
-------+----------+-------------------------------------------
     0 | D:1      | safid the Hill Orc Fighter began the quest for the Orb.
     0 | D:1      | Reached XP level 1. HP: 19/19 MP: 1/1
     2 | D:1      | Found a faded altar of an unknown god.
   151 | D:1      | Reached XP level 2. HP: 27/27 MP: 2/2
   154 | D:1      | Reached skill level 3 in Axes
   348 | D:1      | Reached XP level 3. HP: 33/33 MP: 3/3
  1221 | D:2      | Noticed Terence
  1230 | D:2      | Killed Terence
  1231 | D:2      | Reached skill level 4 in Axes
  1231 | D:2      | Reached XP level 4. HP: 30/40 MP: 4/4
  1395 | D:2      | Found a shimmering blue altar of Sif Muna.
  1644 | D:2      | Found a runed translucent door.
  1645 | D:2      | Noticed Crazy Yiuf
  2301 | D:3      | Found a burning altar of Makhleb.
  2301 | D:3      | Found a hazy altar of Hepliaklqana.
  2301 | D:3      | Found an iron altar of Okawaru.
  2301 | D:3      | Found a radiant altar of Vehumet.
  2308 | D:3      | Reached skill level 5 in Axes
  2308 | D:3      | Reached XP level 5. HP: 41/46 MP: 5/5
  2517 | D:4      | Noticed Sigmund
  2536 | D:4      | Killed Sigmund
  2537 | D:4      | Reached skill level 7 in Axes
  2537 | D:4      | Reached XP level 6. HP: 13/52 MP: 3/6
  2778 | D:4      | Noticed Eustachio
  2821 | D:4      | Killed Eustachio
  2822 | D:4      | Reached skill level 8 in Axes
  2822 | D:4      | Reached XP level 7. HP: 35/59 MP: 3/7
  2977 | D:4      | Found a broken altar of Ashenzari.
  3000 | D:4      | Reached skill level 9 in Axes
  3280 | D:4      | Noticed Natasha
  3290 | D:4      | Killed Natasha
  3407 | D:4      | Reached skill level 10 in Axes
  3444 | D:4      | Noticed Grinder
  3462 | D:4      | Killed Grinder
  3463 | D:4      | Reached skill level 11 in Axes
  3463 | D:4      | Reached XP level 8. HP: 15/66 MP: 3/8
  3851 | D:4      | Noticed Natasha
  3861 | D:4      | Killed Natasha
  4147 | D:4      | Noticed Natasha
  4156 | D:4      | Killed Natasha
  4457 | D:5      | Entered Level 5 of the Dungeon
  4701 | D:5      | Reached skill level 12 in Axes
  5661 | D:5      | Identified a scroll of acquirement
  5662 | D:5      | Acquired the ring of Opic {rPois rC+ rN+ Str+3 Int+2}
  5756 | D:6      | Reached skill level 13 in Axes
  6115 | D:6      | Reached skill level 14 in Axes
  6115 | D:6      | Reached XP level 9. HP: 63/71 MP: 6/9
  6155 | D:6      | Noticed Prince Ribbit
  6172 | D:6      | Killed Prince Ribbit
  6446 | D:6      | Became a worshipper of Beogh the Brigand
  6949 | D:7      | Reached skill level 15 in Axes
  7160 | D:7      | Noticed a two-headed ogre
  7184 | D:7      | Found a staircase to the Ecumenical Temple.
  7549 | D:7      | Killed a two-headed ogre
  7550 | D:7      | Reached skill level 16 in Axes
  8274 | D:8      | Found a shimmering blue altar of Sif Muna.
  8306 | D:8      | Found an opulent altar of Gozag.
  8347 | D:8      | Identified the +3 ring mail of Uskayaw {Regen+ Int+4}
  8515 | D:8      | Noticed a hornet
  8519 | D:8      | Killed a hornet
  8520 | D:8      | Reached skill level 17 in Axes
  8520 | D:8      | Reached XP level 10. HP: 59/78 MP: 6/10
  9519 | D:9      | Reached * piety under Beogh
  9634 | D:9      | Reached skill level 18 in Axes
 10864 | D:10     | Entered Level 10 of the Dungeon
 10865 | D:10     | Noticed an orc knight
 10867 | D:10     | Noticed an orc sorcerer
 10947 | D:10     | Noticed a kobold demonologist
 10953 | D:10     | Noticed a kobold demonologist
 10969 | D:10     | Noticed a soul eater
 10970 | D:10     | Noticed a smoke demon
 10977 | D:10     | Noticed a soul eater
 11358 | D:10     | Reached skill level 19 in Axes
 11462 | D:10     | Noticed a kobold demonologist
 11471 | D:10     | Killed a kobold demonologist
 11485 | D:10     | Reached ** piety under Beogh
 11493 | D:10     | Killed a kobold demonologist
 11494 | D:10     | Reached skill level 1 in Throwing
 11494 | D:10     | Reached skill level 1 in Dodging
 11508 | D:10     | Noticed a sun demon
 11509 | D:10     | Killed a kobold demonologist
 11786 | D:10     | Reached skill level 5 in Fighting
 11786 | D:10     | Reached XP level 11. HP: 86/86 MP: 11/11
 11798 | D:10     | Noticed Grum
 11818 | D:10     | Killed Grum
 11819 | D:10     | Reached skill level 5 in Armour
 12277 | D:10     | Noticed a sixfirhy
 13186 | D:10     | Killed from afar by an orc priest

Illustrated notes

Levels and vault maps discovered:
D:1:      roderic_crop_circles_arrival_small, layout_loops_ring,
          ebering_ecumenical_altar_mist
D:2:      layout_loops_ring, basic_altar, uniq_terence, uniq_crazy_yiuf_cottage
D:3:      layout_rooms, grunt_temple_overflow_cloverleaf, minivault_27
D:4:      minmay_spotlight, layout_loops_corners,
          mainiacjoe_overflow_cross_hatched, minmay_stone_trees_small,
          uniq_sigmund, uniq_eustachio, uniq_natasha, uniq_grinder
D:5:      layout_loops_corners, serial_co_window_serial, co_window_cross_1,
          co_window_paths_a, co_window_of_opportunity_a, co_window_paths_a,
          co_window_paths_a, co_window_paths_a, co_window_paths_a,
          co_window_paths_c, co_window_broadway_b, co_window_cross_2,
          co_window_corner_cb, co_window_2corner, co_window_broadway_b,
          co_window_broadway_a, co_window_paths_e, glass_columns_c,
          glass_columns_a, glass_columns_b
D:6:      layout_basic, uniq_prince_ribbit1
D:7:      layout_rooms, minmay_temple_entry_statues_pillars
D:8:      layout_loops_ring, mainiacjoe_overflow_two_lobes,
          hangedman_decor_opposing
D:9:      layout_irregular_city, grunt_ministairs_1
D:10:     layout_basic, uniq_grum

Skill      XL: |  1  2  3  4  5  6  7  8  9 10 11 |
---------------+----------------------------------+-----
Axes           | 3 4 5 7 8 11 14 17 19 | 19.1
Fighting       | 4 5 |  5.7
Armour         | 4 5 |  5.5
Shields        | 4 |  4.0
Throwing       | 2 |  2.8
Dodging        | 1 2 |  2.6

Action                   |  1- 3 |  4- 6 |  7- 9 | 10-12 || total
-------------------------+-------+-------+-------+-------++-------
Melee: War axe           |   110 |   114 |   298 |   321 ||   843
Invok: Convert to Beogh  |       |       |     1 |       ||     1
Evoke: Wand              |       |       |     4 |       ||     4
  Use: Scroll            |       |       |    12 |     4 ||    16
       Potion            |       |       |       |     4 ||     4
Armor: Scale mail        |    61 |    56 |    82 |    73 ||   272
       Chain mail        |       |       |       |    55 ||    55
Dodge: Dodged            |    60 |    41 |   124 |   125 ||   350
Block: Buckler           |    35 |    29 |    54 |    62 ||   180
       Reflection        |       |     2 |       |       ||     2
